Map: Bone Temple LE

Players

Throwfordays - Winner!

  • Race: Protoss Protoss
  • Spawn Location: 1:00

Breakfast - Winner!

  • Race: Terran Terran
  • Spawn Location: 3:00

Faust - Winner!

  • Race: Zerg Zerg
  • League: Diamond
  • Spawn Location: 12:00

VOD

Have the link to the VOD?

Description

Time

  • Played on: Oct. 8, 2020, 6:12 p.m.
  • Length: 12:39
Show
View Real Time Build Order
Export as new Build Order

Throwfordays Protoss - Winner!

Build Orders:  

Get SALT Encoding   

  12  0:03  Probe (Chrono Boost)  
  14  0:20  Probe (Chrono Boost)  
  14  0:26  Pylon  
  14  0:37  Probe (Chrono Boost)  
  15  0:54  Forge, Probe (Chrono Boost)  
  17  1:11  Probe (Chrono Boost)  
  17  1:28  Probe (Chrono Boost)  
  18  1:48  Assimilator  
  18  2:01  Pylon  
  18  2:07  Pylon  
  18  2:42  Photon Cannon  
  18  2:46  Photon Cannon  
  18  2:49  Photon Cannon x2  
  18  2:59  Pylon  
  18  3:00  Photon Cannon  
  18  3:11  Probe (Chrono Boost)  
  18  3:28  Probe (Chrono Boost)  
  19  3:45  Probe (Chrono Boost)  
  19  3:46  Assimilator  
  20  4:28  Photon Cannon  
  20  4:29  Photon Cannon  
  20  4:31  Photon Cannon  
  20  4:42  Photon Cannon  
  20  4:45  Photon Cannon  
  20  4:48  Photon Cannon  
  20  4:50  Photon Cannon  
  20  5:03  Photon Cannon  
  20  5:29  Probe (Chrono Boost)  
  21  5:35  Photon Cannon  
  21  5:42  Photon Cannon  
  21  5:50  Pylon  
  21  5:57  Probe (Chrono Boost)  
  21  6:08  Probe (Chrono Boost)  
  23  6:22  Probe (Chrono Boost)  
  24  6:37  Nexus  
  25  7:30  Probe (Chrono Boost)  
  25  7:47  Probe (Chrono Boost)  
  26  8:00  Pylon  
  26  8:04  Probe (Chrono Boost)  
  28  8:21  Probe (Chrono Boost)  
  28  8:27  Photon Cannon  
  28  8:28  Photon Cannon  
  28  8:30  Photon Cannon  
  28  8:32  Photon Cannon  
  28  8:38  Probe (Chrono Boost)  
  28  8:42  Probe (Chrono Boost)  
  29  8:59  Probe (Chrono Boost)  
  30  9:16  Probe (Chrono Boost)  
  31  9:33  Probe (Chrono Boost)  
  32  9:41  Pylon  
  33  9:50  Probe (Chrono Boost)  
  33  10:05  Pylon  
  33  10:07  Probe (Chrono Boost)  
  34  10:24  Probe (Chrono Boost)  
  35  10:31  Photon Cannon  
  35  10:35  Photon Cannon  
  35  10:38  Photon Cannon  
  36  10:41  Probe (Chrono Boost)  
  36  10:58  Probe (Chrono Boost)  
  37  11:00  Photon Cannon  
  37  11:01  Photon Cannon  
  37  11:08  Pylon  
  37  11:24  Pylon  
Show
View Real Time Build Order
Export as new Build Order

Breakfast Terran - Winner!

Build Orders:  

Get SALT Encoding   

  12  0:04  SCV  
  13  0:21  SCV  
  14  0:33  Supply Depot  
  14  0:51  SCV  
  15  1:08  SCV  
  16  1:10  Supply Depot  
  16  1:41  SCV  
  16  1:47  Barracks  
  17  1:58  SCV  
  18  2:15  SCV  
  18  2:17  Refinery  
  19  2:32  SCV  
  20  2:49  SCV  
  21  3:05  SCV  
  21  3:08  Marine  
  23  3:30  Supply Depot  
  23  3:33  Marine  
  23  3:35  Refinery  
  24  3:46  SCV  
  25  3:58  Marine  
  26  4:22  Marine  
  26  4:23  Barracks  
  26  4:28  SCV  
  28  4:50  Barracks Tech Lab  
  28  5:00  Stimpack  
  28  5:01  SCV  
  29  5:10  Engineering Bay  
  29  5:17  Engineering Bay  
  29  5:28  Marine  
  30  5:34  Barracks Reactor  
  30  5:53  Marine  
  31  6:04  Command Center  
  31  6:05  Terran Infantry Weapons Level 1  
  31  6:07  Terran Infantry Armor Level 1  
  31  6:18  Marine  
  31  6:19  Barracks  
  32  6:25  Marine x2  
  34  6:50  Marine x2  
  36  7:15  Marine  
  37  7:24  Sensor Tower  
  37  7:38  Marine  
  37  7:39  Marine  
  39  7:44  Marine x2  
  41  7:58  Orbital Command  
  41  8:03  Marine  
  42  8:27  Planetary Fortress  
  42  8:33  SCV  
  43  8:50  SCV  
  43  8:54  Supply Depot  
  44  9:07  SCV  
  45  9:14  Factory  
  45  9:16  Marine  
  45  9:17  Marine x3  
  49  9:22  SCV  
  49  9:24  SCV  
  49  9:26  Supply Depot  
  51  9:39  SCV  
  52  9:41  Marine, SCV  
  52  9:42  Marine x3  
  57  9:56  SCV  
  57  9:57  Supply Depot, SCV  
  59  10:06  Marine x2  
  59  10:07  Marine x2  
  63  10:13  SCV  
  63  10:14  SCV  
  65  10:25  Armory  
  65  10:30  SCV  
  65  10:31  Marine x2  
  65  10:32  Marine x2  
  70  10:56  Marine x2  
  70  10:57  Marine x2  
  74  11:22  Marine x2  
Show
View Real Time Build Order
Export as new Build Order

Faust Zerg - Winner!

Build Orders:  

Get SALT Encoding   

  12  0:01  Drone  
  13  0:21  Drone  
  13  0:26  Extractor, Drone  
  15  1:05  Hatchery  
  15  1:07  Overlord  
  14  1:34  Spawning Pool  
  14  1:36  Drone  
  14  1:49  Drone  
  15  1:50  Drone  
  15  1:53  Drone  
  17  2:27  Hatchery  
  16  2:44  Drone x2  
  18  2:50  Extractor  
  18  2:55  Queen  
  19  3:06  Drone x2  
  19  3:07  Drone  
  22  3:27  Queen  
  22  3:28  Drone  
  25  3:43  Drone x2  
  27  3:51  Overlord  
  27  3:58  Drone  
  28  4:11  Queen  
  28  4:12  Overlord  
  28  4:15  Drone  
  28  4:19  Drone  
  32  4:38  Drone x2  
  34  4:41  Drone  
  34  4:44  Drone  
  34  4:47  Drone  
  37  4:51  Drone  
  37  4:54  Lair  
  37  4:58  Drone x2  
  40  5:11  Drone  
  40  5:12  Drone x4  
  45  5:23  Extractor  
  44  5:34  Roach Warren  
  44  5:35  Drone  
  44  5:36  Drone  
  44  5:37  Drone  
  44  5:38  Drone  
  47  5:42  Drone  
  47  5:47  Overlord  
  48  5:52  Overlord  
  48  6:12  Drone x2  
  48  6:15  Metabolic Boost, Drone  
  48  6:17  Extractor  
  50  6:20  Drone x3  
  50  6:21  Extractor, Drone x2  
  50  6:28  Drone  
  50  6:29  Extractor, Drone x2  
  56  6:30  Drone x2  
  56  6:31  Drone  
  59  6:42  Glial Reconstitution  
  59  6:56  Drone x4  
  59  6:57  Drone x2  
  65  7:00  Drone  
  65  7:02  Extractor  
  65  7:03  Drone  
  65  7:08  Overlord x2  
  66  7:21  Hydralisk Den  
  66  7:29  Drone  
  66  7:31  Overlord x2  
  66  7:32  Overlord x2  
  66  7:33  Drone  
  66  7:34  Drone  
  68  7:40  Drone  
  68  7:41  Drone x3  
  68  7:49  Drone x3  
  75  7:53  Spire  
  74  8:09  Hatchery  
  73  8:26  Overlord x3  
  73  8:27  Overlord  
  73  8:30  Drone  
  73  8:31  Drone x8  
  82  8:41  Queen  
  82  8:44  Queen  
  86  9:00  Lurker Den, Drone  
  86  9:01  Drone x6  
  86  9:02  Drone  
  93  9:19  Drone x3  
  96  9:20  Drone x2  
  96  9:22  Overlord  
  96  9:23  Overlord  
  98  9:35  Mutalisk  
  98  9:37  Mutalisk  
  98  9:38  Mutalisk x3  
  108  9:46  Extractor  
  108  9:47  Drone x3  
  108  9:48  Extractor, Drone x2  
  108  9:49  Drone  
  112  9:51  Queen  
  114  10:04  Spine Crawler  
  114  10:06  Drone  
  114  10:07  Drone x2  
  114  10:08  Spine Crawler  
  115  10:12  Spine Crawler, Mutalisk x2  
  115  10:13  Mutalisk x4  
  126  10:20  Mutalisk  
  126  10:21  Mutalisk x2  
  132  10:41  Mutalisk x5  
  132  10:44  Drone x2  
  144  10:54  Mutalisk  
  144  10:55  Mutalisk  
  148  11:02  Extractor  
  148  11:03  Hatchery  
  148  11:06  Extractor  
  145  11:18  Mutalisk  
  145  11:19  Mutalisk  
  149  11:28  Spire  
  148  11:37  Zergling x2  
  148  11:38  Zergling x24  
  161  12:08  Unknown  
  161  12:12  Zergling x2  
  161  12:13  Zergling x12  
  168  12:28  Infestation Pit  
Tags
 
League
Diamond
Matchup
Co-op
Replay Pack
Multiplayer
Add a new tag
Caveats
  • Supply blocks, unpowered buildings, or Contaminate may cause inaccurate times.
  • Supply counts are checked every 10 seconds.